 Dungeon Crawl Stone Soup version 0.30.0-11-gf55b779eaf (webtiles) character file.

Game seed: 691371322799614538

553 wingedge the Caller (level 7, -2/50 HPs)
             Began as a Human Wanderer on May 16, 2023.
             Was an Initiate of Cheibriados.
             Slain by a gnoll
             ... wielding a +0 halberd
             ... led by a gnoll bouda
              (10 damage)
             ... on level 5 of the Dungeon.
             The game lasted 00:39:22 (6454 turns).

wingedge the Caller (Human Wanderer)                Turns: 6454, Time: 00:39:22

Health: -2/50      AC:  8    Str: 12    XL:     7   Next: 55%
Magic:  7/21       EV: 12    Int: 18    God:    Cheibriados [......]
Gold:   167        SH:  0    Dex: 12    Spells: 5/13 levels left

rFire   . . .        a - +1 flail (protect)
rCold   + . .        (no shield)
rNeg    . . .        u - +2 robe {rC+}
rPois   .            c - +0 helmet
rElec   .            D - +0 cloak
rCorr   .            o - +0 pair of gloves
SInv    .            d - +0 pair of boots
Will    .....        (no amulet)
Stlth   ++           y - ring of magical power
HPRegen 0.28/turn    (no ring)
MPRegen 0.17/turn

%: no passive effects
@: very slow
A: no striking features
a: Renounce Religion


You were on level 5 of the Dungeon.
You worshipped Cheibriados.
Cheibriados was noncommittal.
You visited 2 branches of the dungeon, and saw 6 of its levels.

You collected 167 gold pieces.

Inventory:

Hand Weapons
 a - a +1 flail of protection (weapon)
 b - a +0 sling
 s - a +0 spear
 t - a +0 morningstar
 w - a +0 vampiric whip
Missiles
 e - 9 poisoned darts (quivered)
 x - 2 boomerangs of dispersal
Armour
 c - a +0 helmet (worn)
 d - a +0 pair of boots (worn)
 o - a +0 pair of gloves (worn)
 u - a +2 robe of cold resistance (worn)
 v - an orb of wrath
 D - a +0 cloak (worn)
Jewellery
 i - a ring of fire
 y - a ring of magical power (left hand)
Wands
 k - a wand of acid (3)
Scrolls
 f - a scroll of enchant armour {unknown}
 g - 2 scrolls of immolation
 h - a scroll of summoning {unknown}
 l - 2 scrolls of fog {unknown}
 n - a scroll of acquirement {unknown}
 r - a scroll of fear {unknown}
Potions
 j - a potion of brilliance {unknown}
 m - 2 potions of resistance
 p - 2 potions of mutation
 q - a potion of berserk rage
 z - a potion of degeneration {unknown}
 A - a potion of heal wounds {unknown}
 B - 4 potions of flight {unknown}
 C - a potion of curing {unknown}


   Skills:
 + Level 2.1 Fighting
 - Level 2.0 Dodging
 - Level 1.0 Stealth
 + Level 3.6 Spellcasting
 + Level 2.1 Hexes
 - Level 5.0 Summonings
 - Level 3.0 Air Magic
 - Level 3.0 Poison Magic


You had 5 spell levels left.
You knew the following spells:

 Your Spells              Type           Power      Damage    Failure   Level
a - Summon Small Mammal   Summ           84%        N/A       1%          1
b - Call Imp              Summ           42%        N/A       3%          2
c - Poisonous Vapours     Pois/Air       28%        N/A       7%          2
d - Summon Guardian Gole  Hex/Summ       16%        N/A       11%         3

Your spell library contained the following spells:

 Spells                   Type           Power      Damage    Failure   Level
 Cigotuvi's Dreadful Rot  Necr/Pois/Air  20%        N/A       11%         2
 Tukima's Dance           Hex            11%        N/A       19%         3
 Portal Projectile        Hex/Tloc       14%        N/A       28%         3
 Blade Hands              Tmut           1%         N/A       99%         5


Dungeon Overview and Level Annotations

Branches:
Dungeon (5/15)             Temple (1/1) D:4

Altars:
Cheibriados
Dithmenos
Elyvilon
Gozag
Hepliaklqana
Nemelex Xobeh
Qazlal
Trog
Uskayaw
Xom
Yredelemnul
Zin
The Shining One


Message History

Your cerulean imp hits the gnoll from afar with a -2 spear.
Your quokka bites the gnoll.
The gnoll hits your quokka with a +0 halberd!
Your quokka dies!
Your quokka's corpse disappears in a puff of smoke!
Your cerulean imp hits the gnoll but does no damage.
The gnoll hits your cerulean imp with a +0 club.
Your guardian golem overheats!
There is an open door here.
Casting: Summon Small Mammal (safe; 1% risk of failure)
Confirm with . or Enter, or press ? or * to list all spells.
Your cerulean imp barely misses the gnoll.
The gnoll completely misses your cerulean imp.
The gnoll hits you from afar with a +0 halberd!
Your cerulean imp closely misses the gnoll.
The gnoll hits your cerulean imp with a +0 club.
Flame seeps out of your guardian golem. The gnoll hits you with a +0 halberd!
Your guardian golem is engulfed in blazing flames.
Flame seeps out of your guardian golem.
Your cerulean imp barely misses the gnoll.
You closely miss the gnoll.
The gnoll is lightly wounded.
Your quokka bites the gnoll but does no damage.
The gnoll completely misses your cerulean imp.
Your guardian golem is engulfed in blazing flames.
Flame seeps out of your guardian golem. The gnoll barely misses you.
Your cerulean imp barely misses the gnoll.
Your quokka closely misses the gnoll.
The gnoll closely misses your cerulean imp.
You closely miss the gnoll.
The gnoll is lightly wounded.
Your cerulean imp disappears in a puff of smoke!
Your guardian golem is engulfed in blazing flames.
Flame seeps out of your guardian golem. The gnoll hits you with a +0 halberd!
* * * LOW HITPOINT WARNING * * *
Your quokka completely misses the gnoll.
The gnoll hits your guardian golem but does no damage.
Your guardian golem is engulfed in blazing flames.
Flame seeps out of your guardian golem. The gnoll hits you with a +0 halberd!
You die...

#....# #... ....#....# #...
+ #......+....# #... #.
#......#....# #... #..
#..##..#....# #...
#..##..##..#....# ####'#
#..........#....######.....
........r†#........##.....
#.§..g@'........'......
#####.g9...#####...##......
#.....)..#+#...#'#.#.......
#....#####.......#####.....
#..#'# ...........#.#+#...
####..g #.........##...####
.g...+.........'......#.
.....##.......##......#.
.......#.......#.......#.


You could see 2 gnolls, a friendly guardian golem (summoned, inner flame) and a
friendly quokka (summoned, sheltered).

Vanquished Creatures
  A phantom (D:4)
  A hound (D:4)
  2 orc priests
  A gnoll bouda (D:5)
  A sleepcap (D:4)
  Jessica (D:3)
  2 iguanas
  3 orc wizards (D:3)
  3 adders
  2 worms
  2 dart slugs
  7 orcs
  5 bats
  2 endoplasms
  A giant cockroach (D:4)
  4 hobgoblins
  8 kobolds
  2 quokkas
  3 ball pythons
  2 frilled lizards (D:1)
  2 goblins (D:2)
  5 rats
60 creatures vanquished.

Vanquished Creatures (collateral kills)
  2 gnolls (D:5)
  An adder (D:3)
  A white imp (D:5)
  2 dart slugs
  6 orcs
  5 ball pythons
  5 endoplasms
  2 giant cockroaches (D:1)
  3 goblins
  4 hobgoblins (D:1)
  2 quokkas
  3 bats
  6 kobolds
  A rat (D:3)
43 creatures vanquished.

Grand Total: 103 creatures vanquished

Notes
Turn   | Place    | Note
-------+----------+-------------------------------------------
     0 | D:1      | wingedge the Human Wanderer began the quest for the Orb.
     0 | D:1      | wingedge set off with the following items: a +0 club, a
                  | potion of might, a +0 robe, a +0 pair of boots; and the
                  | following spell memorised: Summon Small Mammal; and the
                  | following spells available to memorise: Call Imp, Poisonous
                  | Vapours, Cigotuvi's Dreadful Rot, Summon Guardian Golem.
     0 | D:1      | Reached XP level 1. HP: 16/16 MP: 2/2
   512 | D:1      | Reached XP level 2. HP: 21/22 MP: 0/4
   588 | D:1      | Learned a level 2 spell: Call Imp
   635 | D:1      | Found a faded altar of an unknown god.
  1095 | D:1      | Reached XP level 3. HP: 27/27 MP: 2/5
  1670 | D:1      | Learned a level 2 spell: Poisonous Vapours
  2250 | D:2      | Reached XP level 4. HP: 33/33 MP: 3/7
  3047 | D:3      | Noticed Jessica
  3069 | D:3      | Killed Jessica
  3070 | D:3      | Reached skill level 4 in Summonings
  3070 | D:3      | Reached skill level 1 in Poison Magic
  3175 | D:3      | Learned a level 3 spell: Summon Guardian Golem
  3575 | D:3      | Reached XP level 5. HP: 28/38 MP: 0/9
  3693 | D:3      | Reached skill level 1 in Hexes
  4066 | D:3      | Reached XP level 6. HP: 44/44 MP: 3/10
  4980 | D:4      | Found a staircase to the Ecumenical Temple.
  4993 | Temple   | Entered the Ecumenical Temple
  5139 | Temple   | Became a worshipper of Cheibriados the Contemplative
  5237 | D:4      | Reached XP level 7. HP: 50/50 MP: 2/11
  5254 | D:4      | Reached skill level 1 in Stealth
  5833 | D:5      | Entered Level 5 of the Dungeon
  6440 | D:5      | Reached skill level 5 in Summonings
  6454 | D:5      | Slain by a gnoll

Illustrated notes

Levels and vault maps discovered:
D:1:      roderic_octagonal_star, layout_basic, ebering_ecumenical_altar_mist
D:2:      minmay_door_path, layout_basic, minmay_misc_feat_five,
          grunt_ministairs_1
D:3:      minmay_octagon_keep, layout_basic, minmay_surrounded, uniq_jessica
D:4:      layout_loops_cross, minmay_temple_entry_wispy
D:5:      nicolae_cairo_tiling_very_big, layout_gridville
Temple:   hellmonk_temple_forest_ring

Skill      XL: |  1  2  3  4  5  6  7 |
---------------+----------------------+-----
Spellcasting   | 2 3 |  3.6
Summonings     | 4 5 |  5.0
Poison Magic   | 1 2 3 |  3.0
Hexes          | 1 2 |  2.1
Stealth        | 1 |  1.0
Air Magic      | 3 |  3.0
Fighting       | |  2.1
Dodging        | |  2.0

Action                     |  1- 3 |  4- 6 |  7- 9 || total
---------------------------+-------+-------+-------++-------
  Melee: Short sword       |    41 |       |       ||    41
         Spear             |     5 |    11 |       ||    16
         Dagger            |       |   105 |       ||   105
         Morningstar       |       |     9 |       ||     9
         Flail             |       |     8 |    46 ||    54
   Fire: Sling             |    13 |    11 |       ||    24
  Throw: Dart              |    10 |     2 |       ||    12
   Cast: Summon Small Mamm |    54 |    11 |     6 ||    71
         Call Imp          |    11 |    21 |     5 ||    37
         Poisonous Vapours |       |    37 |    10 ||    47
         Summon Guardian G |       |       |     2 ||     2
    Use: Potion            |       |     2 |       ||     2
         Scroll            |       |     3 |     1 ||     4
   Stab: Distracted        |     1 |       |       ||     1
         Invisible         |       |     1 |       ||     1
 Armour: Robe              |    23 |    71 |    26 ||   120
  Dodge: Dodged            |    32 |    75 |    45 ||   152
